Cogmind - Beta 13 @@@ ROGUE MODE // 2024.04.07 @ 04:33:24 Player: Carpathian Result: Destroyed by S-10 Pest with Light Assault Rifle Performance ------------- Evolutions (2) 1000 Regions Visited (3) 600 Robots Destroyed (32) 160 Value Destroyed (1043) 1043 Prototype IDs (0) 0 Alien Tech Used (0) 0 Bonus (0) 0 TOTAL SCORE: 2803 Bonus ------- None Cogmind --------- Core Integrity 0/550 Matter 273/300 Energy 138/265 System Corruption 0% Temperature Cool (0) Movement Treading (160) Location -8/Materials Parts ------- > --- POWER (2) -------- Improved Ion Engine > --- PROPULSION (2) --- Improved Treads Improved Treads > --- UTILITY (5) ------ Small Storage Unit Advanced Visual Processing Unit > --- WEAPON (2) ------- Scythe > --- INVENTORY (8) ---- Improved Ion Engine Improved Utility Shielding Particle Gun Heavy Particle Cannon EMP Blaster Improved Grenade Launcher Improved Datajack Peak State ------------ > --- POWER ------------ Ion Engine > --- PROPULSION ------- Aluminum Leg Aluminum Leg > --- UTILITY ---------- Small Storage Unit Improved Sensor Array Improved Terrain Scanner ECM Suite Propulsion Shielding > --- WEAPON ----------- Mini Grenade Launcher Mini Grenade Launcher > --- INVENTORY -------- Improved Treads Improved Treads Shield Generator Small Laser Light Assault Rifle [Rating: 16] Favorites ----------- Power Ion Engine Engine Ion Engine Power Core Light Nuclear Core Propulsion Aluminum Leg Treads Improved Treads Leg Aluminum Leg Utility Small Storage Unit Device Terrain Scanner Storage Small Storage Unit Processor Advanced Visual Processing Unit Protection Propulsion Shielding Weapon Small Laser Energy Gun Small Laser Energy Cannon Heavy Particle Cannon Ballistic Gun Light Assault Rifle Launcher Mini Grenade Launcher Slashing Weapon Scythe Build | -11 -10 -9 -8 ------- Run | Yrd Mat Mat Mat Slots Evolved 4 | . . 2 2 Power 1 | . . . 1 Propulsion . | . . . . Utility 3 | . . 2 1 Weapon . | . . . . Parts Attached 30 | 6 3 4 17 Power 4 | 1 . 1 2 Engine 3 | 1 . 1 1 Core 1 | . . . 1 Reactor . | . . . . Propulsion 5 | 2 . 1 2 Treads 2 | . . . 2 Leg 3 | 2 . 1 . Wheel . | . . . . Hover . | . . . . Flight . | . . . . Utility 8 | 1 1 1 5 Device 5 | . 1 . 4 Storage 1 | 1 . . . Processor 1 | . . . 1 Hackware . | . . . . Protection 1 | . . 1 . Artifact . | . . . . Weapon 13 | 2 2 1 8 Energy Gun 4 | 1 2 . 1 Energy Cannon 1 | . . . 1 Ballistic Gun 3 | 1 . 1 1 Ballistic Cannon . | . . . . Launcher 3 | . . . 3 Special Weapon . | . . . . Impact Weapon . | . . . . Slashing Weapon 2 | . . . 2 Piercing Weapon . | . . . . Special Melee Weapon . | . . . . Unidentified Prototypes . | . . . . Parts Lost 12 | . . . 12 Power 2 | . . . 2 Propulsion 2 | . . . 2 Utility 5 | . . . 5 Weapon 3 | . . . 3 Highest Loss Streak 10 | . . . 10 To Critical Strikes . | . . . . Average Slot Usage (%) 72 | . 90 80 62 Engine 8 | . 14 11 5 Core 1 | . . . 2 Treads 7 | . . . 11 Leg 13 | . 28 22 5 Device 7 | . 4 11 8 Storage 10 | . 14 11 9 Processor 3 | . . . 5 Protection 2 | . . 3 2 Energy Gun 10 | . 26 16 2 Ballistic Gun 2 | . 1 5 1 Launcher 1 | . . . 2 Slashing Weapon 3 | . . . 5 Naked Turns . | . . . . Heaviest Build 20 | 12 15 15 20 Greatest Support 46 | 20 20 20 46 Greatest Overweight (x) 2 | . . . 2 Average Overweight (x) . | . . . . Largest Inventory Capacity 8 | 8 8 8 8 Average Capacity 7 | 6 8 8 8 Most Carried 7 | 4 6 5 7 Average Carried 4 | 2 4 3 5 Final Capacity 8 | 8 8 8 8 Final Carried 7 | 3 5 2 7 Class Distribution -------------------- 100% | Mutant Dominant Class ---------------- Mutant | -10/Materials Mutant | -9/Materials Mutant | -8/Materials Resources | -11 -10 -9 -8 ----------- Run | Yrd Mat Mat Mat Matter Collected 681 | 255 30 20 376 Remotely . | . . . . Salvage Created 876 | . 104 92 680 Parts 53 | . 4 8 41 Haulers Intercepted 1 | . . . 1 Recyclers Shooed 1 | . 1 . . Parts Field Recycled . | . . . . Retrieved Matter . | . . . . Parts Self-Destructed . | . . . . Prevented . | . . . . Kills | -11 -10 -9 -8 ------- Run | Yrd Mat Mat Mat Combat Hostiles Destroyed 25 | . 2 4 19 Melee 7 | . . . 7 Guns 8 | . 2 4 2 AOE 10 | . . . 10 Classes Destroyed 9 | . 1 1 7 Worker 2 | . . . 2 Builder 1 | . . . 1 Hauler 1 | . . . 1 Recycler 1 | . . . 1 Watcher 2 | . . . 2 Swarmer 5 | . . 3 2 Grunt 16 | . 2 1 13 Duelist 1 | . . . 1 Sentry 3 | . . . 3 Best Kill Streak 13 | . 2 3 13 Combat Bots Only 7 | . 2 3 7 Max Kills in Single Turn 3 | . 1 2 3 Gunslinging 1 | . . 1 . Exploded 2 | . . . 2 Melee 1 | . . . 1 Uniques/NPCs Destroyed . | . . . . Combat | -11 -10 -9 -8 -------- Run | Yrd Mat Mat Mat Hostile Shots Fired 204 | . 13 31 160 Missed 57 | . 1 7 49 Damage Taken 1977 | . 167 211 1599 Core 652 | . 57 45 550 Absorbed by Shields 85 | . . . 85 Redirected to Shielding 54 | . . 6 48 Core Remaining (%) 88 | 100 77 88 . Volleys Fired 50 | . 9 12 29 Largest 2 | . 2 2 2 Hottest 85 | . 85 85 75 Shots Fired 89 | . 18 24 47 Gun 55 | . 18 24 13 Cannon 4 | . . . 4 Launcher 30 | . . . 30 Special . | . . . . Kinetic 15 | . . 6 9 Thermal 36 | . 16 12 8 Explosive 28 | . . . 28 Electromagnetic 10 | . 2 6 2 Robot Hit Streak 14 | . 6 7 14 Robot Miss Streak 4 | . 2 2 4 Penetration Max . | . . . . Secondary Targets 2 | . . 2 . Max Gunslinging Chain 1 | . . 1 . Shots Hit Robots 73 | . 13 15 45 Core Hits 58 | . 4 5 49 Critical Kills . | . . . . Critical Parts Destroyed . | . . . . Critical Strikes 2 | . . . 2 Sever 2 | . . . 2 Melee Attacks 19 | . . . 19 Impact . | . . . . Slashing 19 | . . . 19 Piercing . | . . . . Sneak Attacks . | . . . . Combat Hostiles . | . . . . Follow-up Attacks . | . . . . Damage Inflicted 2596 | . 155 191 2250 Guns 443 | . 153 191 99 Cannons 75 | . . . 75 Explosions 1624 | . . . 1624 Melee 437 | . . . 437 Ramming 17 | . 2 . 15 Kinetic 75 | . . 22 53 Thermal 332 | . 122 89 121 Explosive 1510 | . . . 1510 Electromagnetic 225 | . 31 80 114 Impact . | . . . . Slashing 437 | . . . 437 Piercing . | . . . . Highest Corruption . | . . . . Average Corruption . | . . . . Corruption Purged . | . . . . Corruption Blocked . | . . . . Overload Shots . | . . . . Overflow Damage 23 | . . . 23 Projectiles . | . . . . Explosions 17 | . . . 17 Melee 6 | . . . 6 Knockbacks . | . . . . Impact . | . . . . Kinetic . | . . . . Secondary . | . . . . Self-Inflicted Damage 115 | . . . 115 Shots 5 | . . . 5 Rammed 10 | . . . 10 Targets Rammed 12 | . 2 . 10 Kicked 2 | . 2 . . Crushed . | . . . . Highest Temperature 244 | . 244 90 126 Average Temperature 65 | . 129 33 31 Received Heat Transfer 849 | . 96 30 723 Effects 3 | . 3 . . Interference 3 | . 3 . . Siege Activations . | . . . . Robots Corrupted . | . . . . Combat Hostiles . | . . . . Parts Fried . | . . . . Impact Corruptions . | . . . . Robots Melted . | . . . . Combat Hostiles . | . . . . Parts Melted 2 | . 2 . . Heat Transferred 686 | . 275 200 211 Parts Sabotaged . | . . . . Parts Stolen . | . . . . Parts Stripped . | . . . . Power Chain Reactions . | . . . . Alert | -11 -10 -9 -8 ------- Run | Yrd Mat Mat Mat Peak Influence 406 | . 54 105 406 Initial 44 | . . . 44 Average 126 | . 2 49 203 Maximum Alert Level 2 | . . . 2 Low Security (%) 65 | 100 100 100 42 Level 1 34 | . . . 56 Level 2 . | . . . . Level 3 . | . . . . Level 4 . | . . . . Level 5 . | . . . . High Security . | . . . . Max Security . | . . . . Squads Dispatched 3 | . . 1 2 Investigation 2 | . . . 2 Extermination . | . . . . Reinforcement 1 | . . 1 . Assault . | . . . . Garrison . | . . . . Intercept . | . . . . Searches Triggered . | . . . . Construction Impeded . | . . . . Haulers Reinforced . | . . . . Active Scanning Responses . | . . . . Cargo Convoy Interrupts . | . . . . Stealth | -11 -10 -9 -8 --------- Run | Yrd Mat Mat Mat Distress Signals 6 | . . . 6 Communications Jammed . | . . . . Distress Signals . | . . . . Times Spotted 40 | . 2 5 33 Peak Tracking Total 4 | . 2 3 4 Tactical Retreats 2 | . . . 2 Traps | -11 -10 -9 -8 ------- Run | Yrd Mat Mat Mat Traps Triggered 1 | . . . 1 Indirectly 1 | . . . 1 Trap Hack Attempts . | . . . . Triggered . | . . . . Disarmed . | . . . . Reprogrammed . | . . . . Reused . | . . . . Traps Extracted . | . . . . Installed . | . . . . Triggered . | . . . . Machines | -11 -10 -9 -8 ---------- Run | Yrd Mat Mat Mat Machines Disabled 2 | . . . 2 Max in Single Turn 1 | . . . 1 Machines Repaired . | . . . . Machines Dismantled . | . . . . Machines Sabotaged . | . . . . Overloaded Fab Kills . | . . . . Hacking | -11 -10 -9 -8 --------- Run | Yrd Mat Mat Mat Machines Accessed 3 | . 1 . 2 Terminals 3 | . 1 . 2 Fabricators . | . . . . Repair Stations . | . . . . Recycling Units . | . . . . Scanalyzers . | . . . . Garrison Access . | . . . . Total Hacks 5 | . 2 . 3 Successful 1 | . 1 . . Failed 4 | . 1 . 3 Catastrophic 1 | . . . 1 Database Lockouts . | . . . . Manual . | . . . . Terminals 5 | . 2 . 3 Fabricators . | . . . . Repair Stations . | . . . . Recycling Units . | . . . . Scanalyzers . | . . . . Garrison Access . | . . . . Terminal Hacks 1 | . 1 . . Locate Traps 1 | . 1 . . Fabricator Hacks . | . . . . Repair Station Hacks . | . . . . Recycling Unit Hacks . | . . . . Scanalyzer . | . . . . Garrison Access Hacks . | . . . . Unauthorized Hacks . | . . . . Terminals . | . . . . Fabricators . | . . . . Repair Stations . | . . . . Recycling Units . | . . . . Scanalyzers . | . . . . Garrison Access . | . . . . Data Cores Recovered . | . . . . Used . | . . . . Hacking Detections 1 | . . . 1 Full Trace Events 1 | . . . 1 Feedback Events . | . . . . Feedback Blocked . | . . . . Robot Schematics Acquired . | . . . . Robots Built . | . . . . Authchips . | . . . . Time . | . . . . Total Robot Build Rating . | . . . . Part Schematics Acquired . | . . . . Parts Built . | . . . . Authchips . | . . . . Time . | . . . . Total Part Build Rating . | . . . . Parts Repaired . | . . . . Time . | . . . . Parts Recycled . | . . . . Recycled Matter . | . . . . Retrieved Matter . | . . . . Retrieved Components . | . . . . Parts Scanalyzed . | . . . . Part Schematics Acquired . | . . . . Parts Damaged . | . . . . Bothacking | -11 -10 -9 -8 ------------ Run | Yrd Mat Mat Mat Used RIF Installer . | . . . . Robots Hacked . | . . . . Non-combat . | . . . . Combat . | . . . . Robot Hacks Applied . | . . . . Relay Couplers Released . | . . . . Fabnet Peak Effective % . | . . . . Robots Rewired . | . . . . Allies Hacked . | . . . . Hacks Repelled . | . . . . Allies | -11 -10 -9 -8 -------- Run | Yrd Mat Mat Mat Total Allies . | . . . . Largest Group . | . . . . Highest-Rated Group . | . . . . Highest-Rated Ally . | . . . . Total Orders . | . . . . Ally Attacks . | . . . . Total Damage . | . . . . Kills . | . . . . Allies Corrupted . | . . . . Allies Melted . | . . . . Intel | -11 -10 -9 -8 ------- Run | Yrd Mat Mat Mat Robot Analysis Total . | . . . . Derelict Logs Recovered . | . . . . Drone Launches . | . . . . Drone Recoveries . | . . . . Exploration | -11 -10 -9 -8 ------------- Run | Yrd Mat Mat Mat Turns Passed 1693 | 64 446 172 1011 Spaces Moved 920 | 50 300 107 463 Core 33 | 14 . . 19 Treads 291 | . . . 291 Legs 596 | 36 300 107 153 Wheels . | . . . . Hover . | . . . . Flight . | . . . . Fastest Speed 50 | 50 120 120 100 Average Speed 131 | 100 120 120 145 Slowest Speed 190 | 120 120 120 190 Overloaded Moves . | . . . . Propulsion Burnouts . | . . . . Robots Hopped . | . . . . Cave-ins Triggered . | . . . . Exploration Rate (%) 20 | 3 32 14 34 Regions Visited 3 Branch Regions . Pre-discovered Areas . | . . . . Known Exits Taken . | . . . . Unknown Exits Taken 3 | 1 1 1 . Scrap Searched . | . . . . Spaces Dug . | . . . . Terrain Destroyed 125 | . . . 125 Melee . | . . . . Projectile 1 | . . . 1 AOE 124 | . . . 124 Terrain Rammed . | . . . . Walls Destroyed . | . . . . Machines Disabled . | . . . . Actions | -11 -10 -9 -8 --------- Run | Yrd Mat Mat Mat Total 1285 | 64 368 128 725 Wait 216 | . 46 2 168 Move 917 | 49 299 106 463 Hop . | . . . . Pick Up 33 | 9 6 1 17 Fast Attach . | . . . . Attach 21 | 6 1 2 12 Detach . | . . . . Swap 9 | . 2 2 5 Drop 8 | . 3 3 2 Fire 50 | . 9 12 29 Melee 19 | . . . 19 Ram 10 | . . . 10 Kick 2 | . 2 . . Crush . | . . . . Escape Stasis . | . . . . Rewire . | . . . . Trap . | . . . . Miscellaneous . | . . . . Route ------- -11/Scrapyard -10/Materials -9/Materials -8/Materials History --------- Turn | Location | Event 5 | -11/Scrapyard | Discovered new exit (range 16) 65 | -11/Scrapyard | Entered Materials 315 | -10/Materials | Build established: Mutant 419 | -10/Materials | Discovered new exit (range 12) 511 | -10/Materials | Entered another Materials area 511 | -9/Materials | Evolved 2 slots: Utility x2 664 | -9/Materials | Discovered new exit (range 16) 683 | -9/Materials | Entered another Materials area 683 | -8/Materials | Evolved 2 slots: Power x1, Utility x1 947 | -8/Materials | Destroyed 7 combat bots 1010 | -8/Materials | Core integrity fell below 50% 1047 | -8/Materials | Lost 10 parts (1p2n4u3w) 1348 | -8/Materials | Core integrity fell below 20% 1694 | -8/Materials | Destroyed by S-10 Pest with Light Assault Rifle Last Messages --------------- 01604_ Destroyed Lgt. Nuclear Core. 01616_ G-47 Trooper destroyed. 01619_ Acquired 55 matter. 01625_ R-06 Scavenger collects Aluminum Leg. 01633_ Acquired Hvy. Particle Cannon. 01642_ K-01 Serf collects debris. 01657_ K-01 Serf cleans the Repair Station. 01673_ Door malfunctions. 01673_ G-47 Trooper destroyed. 01673_ G-47 Trooper IFF system glitched. 01675_ G-47 Trooper destroyed. 01681_ K-01 Serf collects debris. 01681_ Shield Generator destroyed. 01682_ Acquired 41 matter. 01683_ K-01 Serf collects debris. 01683_ G-47 Trooper destroyed. 01684_ K-01 Serf collects debris. 01688_ S-10 Pest destroyed. 01690_ K-01 Serf collects debris. 01693_ S-10 Pest destroyed. Map ----- +----------------------------------------------------+ | ?????????????????????????????????????????????????? | | ?????????????????????????????????????????????????? | | ?????????????????????????????????????????????????? | | ?????????????????????????????????????????????????? | | ?????????????????????????????????????????????????? | | ?????????????????????????????????????????????????? | | ????????????????????????? ???????????????????????? | | ?????????????????????????w???????????????????????? | | ????????????????????????? ???????????????????????? | | ????????????????????????? ???????????????????????? | | ????????????????????????? ???????????????????????? | | ????????????????????????? ???????????????????????? | | ?????????????????????????g???????????????????????? | | ????????????????????????# #??????????????????????? | | ???????????????????????? #??????????????????????? | | ???????????????????????? #??????????????????????? | | ???????????????????????? #??????????????????????? | | ???????????????????????? t#??????????????????????? | | ???????????????????????? a#??????????????????????? | | ???????????????????????? ##########?????????????? | | ??????????????########??#s#! #?????????????? | | ??????????????# #?##[ [ #?????????????? | | ??????????????#! #?# %*k] #?????????????? | | ??????????????# #?# [%[ # ""??????? | | ??????????????# """ ###=%[! ka + ""??????? | | ??????????????# """ / s[@![ #?????????????? | | ??????????????# """ # k%=% #?????????????? | | ??????????????########+#[!# #?????????????? | | ????????????????# #*# #?????????????? | | ????????????????# "" !# #?########?????????????? | | ????????????????#! R" # #??????????????????????? | | ????????????????# """ # #??????????????????????? | | ????????????????# # #??????????????????????? | | ????????????##########+## #??????????????????????? | | ????????""" / #??????????????????????? | | ????????????############# #??????????????????????? | | ????????????????????????# #??????????????????????? | | ????????????????????????# #??????????????????????? | | ????????????????????????# #??????????????????????? | | ????????????????????????# #??????????????????????? | | ????????????#???????????# #??????????????????????? | | ????????#???????????????# #??????????????????????? | | ???????#####?####???????# #??????????????????????? | | ######## #?????### ###????????????????????? | | ## """ #?????# ######## #?????????? | | " " ## """ #####?# #?????????? | | "" ## """ # ### #?????????? | | """ ## + ### #?????????? | | ##! """ # ### ######## #?#???????? | | ! ## """ # #### #####?????? #?????????? | +----------------------------------------------------+ Best States ------------- Heat Dissipation 31 Energy Generation 14 Energy Capacity 265 Matter Stores 300 Matter Capacity 300 Sight Range 20 Robot Scan Range 15 Terrain Scan Range 16 Terrain Scan Density 10 ECM Strength 1 Propulsion Shielding 33 Evasion (%) 55 Recoil Reduction 2 Item Schematics ----------------- None Robot Schematics ------------------ None Fabricated ------------ Nothing Alien Tech Used ----------------- None Achievements -------------- None Challenges ------------ None Game ------ Seed MicroSpectralHumpback Manual? 0 Play Time 00:14:16 Cumulative 16.9 hours Start 2024.04.07 @ 04:22:14 End 2024.04.07 @ 04:33:24 Sessions 1 Manual Loads 0 Difficulty Rogue Special Mode None Game No. 97 Rogue 97 Adventurer 0 Explorer 0 Win Type - Total 0 Types 0/0/0/0/0/0/0/0/0 Lore% 7 Gallery% 21 Achievement% 16 Wizard Run 0 Options --------- Layout 0 ASCII 0 Keyboard 0 Movement Arrows Keybinds 0 Fullscreen 2 Font 24/Cog Map View 76x50 Zoom Use 0% Tactical HUD 1 Map Filters NONE Filters NONE Steam 1 RUN: c3cc465c-fd7c-40c9-9e73-35665679738c